 Dungeon Crawl Stone Soup version 0.31-a0-1009-g454b1f1e0a (webtiles) character file.

Game seed: 103587758360942430

124 vianneychevalier the Covered (level 4, -6/40 HPs)
             Began as a Minotaur Fighter on Nov 13, 2023.
             Mangled by an orc wizard
             ... wielding the +11 spear "Ostreejel" {freeze, rF+ Int-2 SInv}
              (16 damage)
             ... on level 3 of the Dungeon.
             The game lasted 00:04:08 (1693 turns).

vianneychevalier the Covered (Minotaur Fighter)     Turns: 1693, Time: 00:04:09

Health: -6/40      AC:  8    Str: 22    XL:     4   Next: 81%
Magic:  3/3        EV:  9    Int:  5    God:
Gold:   103        SH:  4    Dex: 10    Spells: 3/3 levels left

rFire   . . .        a - +0 war axe
rCold   . . .        c - +0 buckler
rNeg    . . .        b - +0 scale mail
rPois   +            l - +1 hat
rElec   .            (no cloak)
rCorr   .            (no gloves)
SInv    .            (no boots)
Will    .....        (no amulet) Stlth
                     h - ring of poison resistance
HPRegen 0.26/turn    (no ring)
MPRegen 0.08/turn

%: no passive effects
@: no status effects
A: horns 2, retaliatory headbutt
a: no special abilities


You were on level 3 of the Dungeon.
You visited 1 branch of the dungeon, and saw 3 of its levels.

You collected 103 gold pieces.

Inventory:

Hand Weapons
 a - a +0 war axe (weapon)
Armour
 b - a +0 scale mail (worn)
 c - a +0 buckler (worn)
 l - a +1 hat (worn)
 o - the +0 leather armour of Classification {Stlth+}
   (You found it on level 2 of the Dungeon)

   Stlth+:    It makes you more stealthy.
Jewellery
 h - a ring of poison resistance (left hand)
Wands
 u - a wand of mindburst (6)
Scrolls
 e - 2 scrolls of enchant weapon {unknown}
 k - 3 scrolls of summoning {unknown}
 m - a scroll of noise {unknown}
 n - a scroll of blinking {unknown}
 p - a scroll of teleportation {unknown}
 r - 5 scrolls of identify {unknown}
Potions
 d - a potion of might
 f - 2 potions of ambrosia {unknown}
 g - a potion of brilliance {unknown}
 i - 2 potions of enlightenment {unknown}
 j - a potion of lignification {unknown}
 q - a potion of curing {unknown}
 s - a potion of invisibility {unknown}
 t - 2 potions of resistance {unknown}


   Skills:
 + Level 4.2 Fighting
 * Level 4.3 Axes
 * Level 4.9 Armour
 + Level 0.5 Dodging
 + Level 0.1 Stealth
 + Level 4.0 Shields


You had 3 spell levels left.
You didn't know any spells.
Your spell library contained the following spells:

 Spells                   Type           Power      Damage    Failure   Level
 Ensorcelled Hibernation  Hex/Ice        0%         N/A       94%         2
 Passwall                 Tmut/Erth      0%         N/A       94%         2
 Call Canine Familiar     Summ           0%         N/A       99%         3
 Ozocubu's Armour         Ice            0%         N/A       99%         3
 Sigil of Binding         Hex            0%         N/A       99%         3
 Swiftness                Air            0%         N/A       99%         3
 Dimensional Bullseye     Hex/Tloc       0%         N/A       100%        4
 Leda's Liquefaction      Hex/Erth       0%         N/A       100%        4
 Metabolic Englaciation   Hex/Ice        0%         N/A       100%        5
 Simulacrum               Ice/Necr       0%         N/A       100%        6


Dungeon Overview and Level Annotations

Branches:
Dungeon (3/15)

Altars:
Cheibriados


Innate Abilities, Weirdness & Mutations

You have a pair of horns on your head.
You reflexively headbutt those who attack you in melee.


Message History

Your Shields skill increases to level 4!
You slash the orc!
You kill the orc!
The bat barely misses you.
You barely miss the orc. The bat barely misses you. You block the orc's attack.
The bat hits you but does no damage. The orc hits you with a +0 hand axe.
You hit the orc.
The orc is moderately wounded.
You closely miss the bat. The bat barely misses you. Something hits you.
Something freezes you.
You barely miss the orc.
The orc is moderately wounded.
You barely miss the orc. You closely miss the bat. The bat barely misses you.
The orc barely misses you. The orc hits you with a +0 short sword.
Something hits you but does no damage.
You closely miss the orc.
The orc is moderately wounded.
You closely miss the orc. The bat hits you but does no damage.
The bat closely misses you. The orc barely misses you. Something hits you.
Something freezes you.
You barely miss the orc. You headbutt the orc, but do no damage.
The orc is moderately wounded.
You slash the orc!
You kill the orc!
You block the bat's attack. The orc hits you but does no damage.
Something hits you but does no damage. The orc hits you but does no damage.
Something hits you but does no damage. The orc barely misses you.
You furiously retaliate!
You headbutt the orc.
You kill the orc!
You barely miss the orc. You block the bat's attack.
The orc hits you with a +0 war axe.
You hear some strange, mumbled words.
A puff of flame appears from out of thin air!
The puff of flame hits you!
* * * LOW HITPOINT WARNING * * *
You are too injured to fight recklessly!
You are too injured to fight recklessly!
The orc throws a boomerang.
The boomerang barely misses you. The bat hits you but does no damage.
Something hits you!
You die...

#.## #.#.##.#.#.
# +# #..#
#.#.##.....
..#.. #.†#
#.#.###.#.#
..... #..###.#.#
#.... ......
#....#.#.###..#.
......#
#.##..........#.
..?...o##
#.####..†.##..#.
......).###.#
#....>.....
........b@'.#
#.#########
.....######.#
#.)# #... #.#
#.## ##. #.. #.
# #..... #..###
#..# ...#


You could see an orc and a bat.

Vanquished Creatures
  A hound (D:3)
  A gnoll (D:1)
  2 adders (D:2)
  A worm (D:2)
  3 dart slugs
  3 orcs (D:3)
  5 ball pythons
  5 bats
  9 endoplasms
  A giant cockroach (D:1)
  6 goblins
  3 hobgoblins
  A quokka (D:1)
  2 frilled lizards (D:1)
  3 kobolds
  6 rats
52 creatures vanquished.

Notes
Turn   | Place    | Note
-------+----------+-------------------------------------------
     0 | D:1      | vianneychevalier the Minotaur Fighter began the quest for
                  | the Orb.
     0 | D:1      | Reached XP level 1. HP: 19/19 MP: 0/0
    80 | D:1      | Reached XP level 2. HP: 27/27 MP: 1/1
   330 | D:1      | Reached XP level 3. HP: 33/33 MP: 2/2
  1057 | D:2      | Identified the +0 leather armour of Classification {Stlth+}
  1136 | D:2      | Found a faded altar of an unknown god.
  1146 | D:2      | Reached XP level 4. HP: 21/40 MP: 3/3
  1594 | D:3      | Found a snail-covered altar of Cheibriados.
  1682 | D:3      | Identified the +11 spear "Ostreejel" {freeze, rF+ Int-2
                  | SInv}
  1693 | D:3      | Mangled by an orc wizard

Illustrated notes

Levels and vault maps discovered:
D:1:      eino_arrival_water_star, layout_loops_ring, kennysheep_boxes
D:2:      layout_loops_ring, nicolae_ecumenical_snake_handling
D:3:      layout_basic, kennysheep_slug_shrine, nemelex_spade_bored_becter,
          minmay_misc_feat_pillars, minmay_pentangle

Skill      XL: |  1  2  3  4 |
---------------+-------------+-----
Armour         | 4 |  4.9
Fighting       | 4 |  4.2
Axes           | 3 4 |  4.3
Shields        | 4 |  4.0
Dodging        | |  0.5
Stealth        | |  0.1

Action                     |  1- 3 |  4- 6 || total
---------------------------+-------+-------++-------
  Melee: War axe           |    65 |    26 ||    91
         Headbutt          |     9 |     4 ||    13
 Armour: Scale mail        |    46 |    31 ||    77
  Dodge: Dodged            |    36 |    17 ||    53
  Block: Buckler           |    11 |     7 ||    18

Table legend: (Time is in decaauts)
 A = Elapsed time spent in this place.
 B = Non-inter-level travel time spent in this place.
 C = Inter-level travel time spent in this place.
 D = Time resting spent in this place.
 E = Time spent auto-exploring this place.
 F = Levels seen in this place.
 G = Mean time per level.
                   A        B        C        D        E       F      G
               +--------+--------+--------+--------+--------+-----+--------+
         Total |   1731 |   1695 |     36 |      0 |   1367 |   3 |  577.0 |
       Dungeon |   1731 |   1695 |     36 |      0 |   1367 |   3 |  577.0 |
               +--------+--------+--------+--------+--------+-----+--------+

Top non-repeatable levels by time:
     D:2: 783 daAuts
     D:1: 728 daAuts
     D:3: 219 daAuts
